 Dungeon Crawl Stone Soup version 0.32-a0-630-g46d191b0ed (webtiles) character file.

Game seed: 961877778669850639

65 TheLasagnaBaron the Ducker (level 4, 0/37 HPs)
             Began as a Merfolk Monk on Mar 7, 2024.
             Slain by a gnoll
             ... wielding a +0 spear
              (6 damage)
             ... on level 3 of the Dungeon.
             The game lasted 00:03:20 (1458 turns).

TheLasagnaBaron the Ducker (Merfolk Monk)           Turns: 1458, Time: 00:03:21

Health: 0/37       AC:  4    Str: 11    XL:     4   Next: 14%
Magic:  4/4        EV: 14    Int:  9    God:
Gold:   124        SH:  0    Dex: 18    Spells: 3/3 levels left

rFire   . . .        a - +0 falchion (flame)
rCold   . . .        (no shield)
rNeg    . . .        b - +0 robe
rPois   .            i - +2 hat
rElec   .            (no cloak)
rCorr   .            (no gloves)
SInv    .            (no boots)
Will    .....        (no amulet)
Stlth   ++           (no ring)
HPRegen 0.26/turn    (no ring)
MPRegen 0.09/turn

%: no passive effects
@: no status effects
A: (nimble swimmer 2), mertail
a: no special abilities


You were on level 3 of the Dungeon.
You visited 1 branch of the dungeon, and saw 3 of its levels.

You collected 124 gold pieces.

Inventory:

Hand Weapons
 a - a +0 falchion of flaming (weapon)
Armour
 b - a +0 robe (worn)
 d - an orb of light
 i - a +2 hat (worn)
Scrolls
 f - a scroll of teleportation
 k - a scroll of butterflies
Potions
 e - a potion of enlightenment
 g - a potion of might {unknown}
 j - a potion of degeneration {unknown}
 l - a potion of cancellation {unknown}


   Skills:
 + Level 3.8 Fighting
 + Level 4.5 Long Blades
 * Level 5.0 Dodging
 + Level 0.9 Stealth


You had 3 spell levels left.
You didn't know any spells.
Your spell library was empty.

Dungeon Overview and Level Annotations

Branches:
Dungeon (3/15)

Altars:

Annotations:
D:3 Sigmund


Innate Abilities, Weirdness & Mutations

((You are very nimble when in or above water. (Stealth+, EV+, Speed+++)))
Your lower body shifts to a powerful aquatic tail in water.


Message History

You hit the gnoll. You burn the gnoll.
The gnoll is lightly wounded.
The orc closely misses you. The gnoll closely misses you. x2
The gnoll barely misses you.
You hit the gnoll. You burn the gnoll.
The gnoll is severely wounded.
The orc barely misses you.
The gnoll hits you from afar with a +0 spear.
The gnoll hits you from afar with a +0 halberd!
* * * LOW HITPOINT WARNING * * *
The gnoll closely misses you.
It was a potion of curing.
You feel better. The orc closely misses you. The gnoll barely misses you.
The gnoll hits you with a +0 club. The gnoll barely misses you.
You are confused.
You feel invigorated. The orc misses you. The gnoll barely misses you.
The gnoll completely misses you. The gnoll misses you.
You hit the gnoll but do no damage.
The gnoll is severely wounded.
An endoplasm comes into view.
The orc hits you with a +0 mace. The gnoll misses you.
The gnoll barely misses you. The gnoll hits you with a +0 club.
You hit the gnoll but do no damage.
The gnoll is severely wounded.
The orc barely misses you.
The gnoll hits you from afar with a +0 spear.
The gnoll closely misses you. The gnoll barely misses you.
The gnoll hits you with a +0 club. The orc hits you with a +0 mace!
The gnoll barely misses you. The gnoll hits you but does no damage.
You feel less invigorated.
You feel less confused. The orc hits you with a +0 mace.
The gnoll hits you from afar with a +0 spear.
* * * LOW HITPOINT WARNING * * *
The gnoll closely misses you.
You slash the gnoll! You burn the gnoll.
You kill the gnoll!
The orc closely misses you. The gnoll closely misses you.
The gnoll hits you from afar with a +0 spear.
You die...

### #..
#.#
######.###
#........#
#........#
#...<.gJg#
#......o.#
#.....@).#
#.......!#
#........#
##########


You could see 2 gnolls, an orc and an endoplasm.

Vanquished Creatures
  A gnoll (D:3)
  2 adders
  3 dart slugs (D:2)
  3 ball pythons
  7 bats
  6 endoplasms
  2 giant cockroaches
  2 goblins (D:1)
  2 hobgoblins (D:1)
  A jackal (D:3)
  5 kobolds
  A quokka (D:1)
  3 rats
38 creatures vanquished.

Notes
Turn   | Place    | Note
-------+----------+-------------------------------------------
     0 | D:1      | TheLasagnaBaron the Merfolk Monk began the quest for the
                  | Orb.
     0 | D:1      | Reached XP level 1. HP: 18/18 MP: 1/1
   168 | D:1      | Reached XP level 2. HP: 24/24 MP: 2/2
  1051 | D:2      | Reached XP level 3. HP: 29/29 MP: 3/3
  1425 | D:3      | Reached skill level 5 in Dodging
  1425 | D:3      | Reached XP level 4. HP: 24/37 MP: 4/4
  1445 | D:3      | Noticed Sigmund
  1458 | D:3      | Slain by a gnoll

Illustrated notes

Levels and vault maps discovered:
D:1:      dpeg_arrival_snail, layout_loops_corners
D:2:      layout_rooms
D:3:      layout_rooms, uniq_sigmund

Skill      XL: |  1  2  3 |
---------------+----------+-----
Long Blades    | 4 |  4.5
Dodging        | 5 |  5.0
Fighting       | |  3.8
Stealth        | |  0.9

Action                     |  1- 3 |  4- 6 || total
---------------------------+-------+-------++-------
  Melee: Falchion          |   106 |    19 ||   125
    Use: Scroll            |     7 |     1 ||     8
         Potion            |       |     2 ||     2
   Stab: Sleeping          |     4 |       ||     4
 Armour: Robe              |    52 |    20 ||    72
  Dodge: Dodged            |    83 |    31 ||   114

Table legend: (Time is in decaauts)
 A = Elapsed time spent in this place.
 B = Non-inter-level travel time spent in this place.
 C = Inter-level travel time spent in this place.
 D = Time resting spent in this place.
 E = Time spent auto-exploring this place.
 F = Levels seen in this place.
 G = Mean time per level.
                   A        B        C        D        E       F      G
               +--------+--------+--------+--------+--------+-----+--------+
         Total |   1469 |   1418 |     51 |      0 |   1092 |   3 |  489.7 |
       Dungeon |   1469 |   1418 |     51 |      0 |   1092 |   3 |  489.7 |
               +--------+--------+--------+--------+--------+-----+--------+

Top non-repeatable levels by time:
     D:1: 999 daAuts
     D:2: 411 daAuts
     D:3: 58 daAuts
